 Dungeon Crawl Stone Soup version 0.16.1-4-g8e1b745 (webtiles) character file.

4918 Tolias the Martial Artist (level 10, 4/66 HPs)
             Began as a Demonspawn Monk on Mar 27, 2015.
             Was a Follower of Fedhas.
             Quit the game on level 10 of the Dungeon.
             The game lasted 00:26:59 (11651 turns).

Tolias the Martial Artist (Demonspawn Monk)        Turns: 11651, Time: 00:27:00

Health: 4/66       AC: 10    Str: 14    XL:     10   Next: 27%
Magic:  13/13      EV: 13    Int: 10    God:    Fedhas [*.....]
Gold:   443        SH:  0    Dex: 16    Spells: 0 memorised, 9 levels left

rFire  + . .     SeeInvis .       - Unarmed
rCold  . . .     Clarity  .     t - +3 ring mail
rNeg   + . .     SustAb   +     (no shield)
rPois  .         Gourm    .     (no helmet)
rElec  .         Spirit   .     (no cloak)
rCorr  .         Warding  .     (gloves unavailable)
rMut   .         Stasis   .     (no boots)
MR     .....                    (no amulet)
Stlth  +.........               B - ring of positive energy
                                v - ring of sustain abilities

@: lethally poisoned (4 -> -12), not resistant to hostile enchantments, very
unstealthy
A: claws 3, hooves 1, molten scales 1, clumsy 1, dopey 1, fire resistance 1,
frail 1, low mp 1, powered by pain 1, strong 1
a: Evolution, Renounce Religion


You were on level 10 of the Dungeon.
You worshipped Fedhas.
Fedhas was aware of your devotion.
You were very hungry.

You visited 2 branches of the dungeon, and saw 11 of its levels.
You also visited: Bailey.

You collected 443 gold pieces.

Inventory:

Hand weapons
 w - a +0 blowgun
Missiles
 f - 2 throwing nets (quivered)
 u - a curare-tipped needle
 C - 4 tomahawks
Armour
 j - a +2 ring mail of cold resistance
 t - a +3 ring mail (worn)
Jewellery
 v - a ring of sustain abilities (left claw)
 x - an uncursed ring of ice
 B - a ring of positive energy (right claw)
Magical devices
 c - a wand of fire (0)
 e - a wand of random effects (36)
 y - a wand of cold (0)
Scrolls
 h - 2 scrolls of enchant armour
 i - a scroll of fog
 k - 2 scrolls of magic mapping {unknown}
 m - 5 scrolls of remove curse
 o - a scroll of immolation {unknown}
 p - 2 scrolls of recharging {unknown}
 q - a scroll of amnesia
 z - a scroll of random uselessness {unknown}
 G - a scroll of enchant weapon {unknown}
Potions
 d - 2 potions of flight
 r - a potion of brilliance
Comestibles
 a - 3 fruits {!e}
 b - 9 bread rations
 g - 5 beef jerkies
 s - 2 meat rations


   Skills:
 - Level 5.4 Fighting
 + Level 6.3 Armour
 - Level 5.0 Dodging
 - Level 1.7 Stealth
 - Level 11.1 Unarmed Combat
 - Level 3.1 Invocations


You had 9 spell levels left.
You didn't know any spells.

Dungeon Overview and Level Annotations

Branches:
Dungeon (10/15)            Temple (1/1) D:6
   Lair: D:8-11         Orc: D:9-12

Altars:
Cheibriados
Elyvilon
Fedhas
Kikubaaqudgha
Makhleb
Nemelex Xobeh
Qazlal
Sif Muna
Trog
Vehumet
Xom
Yredelemnul
Zin
The Shining One

Shops:
D:6 (


Innate Abilities, Weirdness & Mutations

You have claws for hands.
You are partially covered in molten scales (AC +1).
Your flesh is heat resistant.
You sometimes gain a little power by taking damage.
You have large cloven feet.
You are clumsy. (Dex -2)
You are dopey. (Int -2)
You are frail (-10% HP).
Your magical capacity is low (-10% MP).
Your muscles are strong. (Str +2)


Message History

The orc freezes you.
* * * LOW HITPOINT WARNING * * *
You climb downwards.
There is a stone staircase leading up here.
Drink which item? (? for menu, Esc to quit)
It was a potion of poison.
That liquid tasted very nasty...
You are lethally poisoned!
* * * LOW HITPOINT WARNING * * *
You feel sick. The yak gores you but does no damage.
The orc hits you but does no damage.
Drink which item? (? for menu, Esc to quit)
Okay, then.
Unknown command.
Read which item? (? for menu, Esc to quit)
Okay, then.
Unknown command.
Enter note: you can't fire me
Enter note: I quit Are you sure you want to abandon this character and quit the game? (Confirm with "yes".)

####+#
#@...+
#oY..#
###+##


You could see a yak and an orc.

Vanquished Creatures
  An orc knight (Bailey)
  A gargoyle (D:8)
  A polar bear (D:8)
  Prince Ribbit (D:5)
  2 yaks (D:8)
  2 phantoms
  6 ice beasts (D:8)
  A sky beast (D:6)
  5 orc warriors
  3 centaurs
  4 ogres
  5 giant frogs
  A scorpion (D:5)
  3 wights (D:7)
  A crimson imp (D:5)
  A goliath beetle (D:5)
  A giant frog skeleton (D:8)
  A quasit (D:8)
  A water moccasin simulacrum (D:8)
  A jelly (D:5)
  A centaur skeleton (D:5)
  7 orc priests
  4 orc wizards
  2 iguanas
  2 giant frog simulacra (D:8)
  4 worker ants
  A hound skeleton (D:8)
  2 worker ant zombies (D:5)
  4 gnolls (Bailey)
  8 adders
  A worker ant simulacrum (D:8)
  A giant mite (D:5)
  2 white imps (D:8)
  2 worms
  4 ufetubi (D:8)
  An adder skeleton (D:4)
  3 giant geckos
  2 oozes
  42 orcs
  3 ball pythons
  13 bats
  A bat skeleton (D:4)
  31 hobgoblins
  5 quokkas
  5 giant cockroaches
  4 giant newts
  26 goblins
  7 jackals (D:5)
  15 kobolds
  A quokka skeleton (D:5)
  12 rats
258 creatures vanquished.

Vanquished Creatures (collateral kills)
  3 orc warriors (Bailey)
  A wandering mushroom (Bailey)
  A gnoll (Bailey)
  4 orcs (Bailey)
  4 hobgoblins (Bailey)
  8 goblins (Bailey)
21 creatures vanquished.

Vanquished Creatures (others)
  6 wandering mushrooms (Bailey)
  53 toadstools
59 creatures vanquished.

Grand Total: 338 creatures vanquished

Notes
Turn   | Place    | Note
--------------------------------------------------------------
     0 | D:1      | Tolias, the Demonspawn Monk, began the quest for the Orb.
     0 | D:1      | Reached XP level 1. HP: 18/18 MP: 1/1
   279 | D:1      | Reached skill level 4 in Unarmed Combat
   385 | D:1      | Gained mutation: You have sharp fingernails. [demonic ancestry]
   385 | D:1      | Reached XP level 2. HP: 24/24 MP: 2/2
  1149 | D:2      | Gained mutation: Your flesh is heat resistant. [demonic ancestry]
  1149 | D:2      | Reached XP level 3. HP: 24/29 MP: 3/3
  1418 | D:2      | Found a glowing silver altar of Zin.
  1419 | D:2      | Found a bloodstained altar of Trog.
  1695 | D:2      | Gained mutation: You are frail (-10% HP). [potion of mutation]
  1695 | D:2      | Gained mutation: You have large cloven feet. [potion of mutation]
  1695 | D:2      | Gained mutation: You are dopey. (Int -2) [potion of mutation]
  1696 | D:2      | Reached skill level 5 in Unarmed Combat
  2021 | D:2      | Gained mutation: You are partially covered in molten scales (AC +1). [demonic ancestry]
  2021 | D:2      | Reached XP level 4. HP: 20/31 MP: 4/4
  2307 | D:2      | Noticed an ogre
  2311 | D:2      | Killed an ogre
  2311 | D:2      | Gained mutation: You have very sharp fingernails. [demonic ancestry]
  2311 | D:2      | Reached XP level 5. HP: 34/36 MP: 5/5
  2723 | D:3      | Reached skill level 6 in Unarmed Combat
  3212 | D:3      | Found a stormy altar of Qazlal.
  3646 | D:4      | You fall through a shaft for 2 floors!
  3721 | D:6      | Reached XP level 6. HP: 38/42 MP: 6/6
  3775 | D:6      | Found Ghucyrgh's Weapon Shop.
  3778 | D:6      | Noticed an orc warrior
  3779 | D:6      | Noticed a sky beast
  3835 | D:6      | Killed an orc warrior
  3953 | D:6      | Killed a sky beast
  4146 | D:6      | Gained mutation: You have claws for hands. [demonic ancestry]
  4146 | D:6      | Reached XP level 7. HP: 39/49 MP: 7/7
  4221 | D:5      | Entered Level 5 of the Dungeon
  4230 | D:5      | Reached skill level 5 in Fighting
  4425 | D:4      | Noticed a phantom
  4492 | D:4      | Killed a phantom
  4492 | D:4      | Reached skill level 5 in Dodging
  5044 | D:4      | Found a shimmering altar of Xom.
  5595 | D:5      | Reached skill level 7 in Unarmed Combat
  5595 | D:5      | Gained mutation: You sometimes gain a little power by taking damage. [demonic ancestry]
  5595 | D:5      | Reached XP level 8. HP: 53/56 MP: 8/8
  5739 | D:5      | Noticed Prince Ribbit
  6715 | D:5      | Killed Prince Ribbit
  6715 | D:5      | Reached skill level 8 in Unarmed Combat
  6928 | D:6      | Found a sparkling altar of Nemelex Xobeh.
  6986 | D:6      | Found a snail-covered altar of Cheibriados.
  6995 | D:6      | Noticed an orc warrior
  7005 | D:6      | Killed an orc warrior
  7313 | D:6      | Noticed a centaur
  7336 | D:6      | Killed a centaur
  7336 | D:6      | Reached skill level 9 in Unarmed Combat
  7555 | D:6      | Found a staircase to the Ecumenical Temple.
  7563 | Temple   | Entered the Ecumenical Temple
  7579 | Temple   | Became a worshipper of Fedhas Madash
  7579 | Temple   | Acquired Fedhas' first power
  7579 | Temple   | Acquired Fedhas' second power
  7838 | D:7      | Found a radiant altar of Vehumet.
  7870 | D:7      | Found a flagged portal.
  7875 | Bailey   | Entered a bailey
  8147 | Bailey   | Reached skill level 1 in Invocations
  8152 | Bailey   | Reached XP level 9. HP: 50/61 MP: 7/11
  8349 | Bailey   | Noticed an orc warlord
  8349 | Bailey   | Noticed an orc knight
  8352 | Bailey   | Noticed an orc knight
  8368 | Bailey   | Killed an orc knight
  8368 | Bailey   | Reached skill level 10 in Unarmed Combat
  9579 | D:8      | Gained mutation: You are clumsy. (Dex -2) [potion of mutation]
  9579 | D:8      | Gained mutation: Your muscles are strong. (Str +2) [potion of mutation]
  9579 | D:8      | Gained mutation: Your magical capacity is low (-10% MP). [potion of mutation]
  9790 | D:8      | Reached skill level 11 in Unarmed Combat
  9944 | D:8      | You fall through a shaft!
  9961 | D:9      | Reached skill level 1 in Armour
 10951 | D:8      | Reached XP level 10. HP: 62/66 MP: 13/13
 10997 | D:8      | Reached skill level 5 in Armour
 11343 | D:8      | Noticed a gargoyle
 11351 | D:8      | Killed a gargoyle
 11585 | D:8      | Noticed a death yak
 11649 | D:10     | Entered Level 10 of the Dungeon
 11651 | D:10     | you can't fire me
 11651 | D:10     | I quit
 11651 | D:10     | Quit the game

Action                   |  1- 3 |  4- 6 |  7- 9 | 10-12 || total
-------------------------+-------+-------+-------+-------++-------
Melee: Unarmed           |   132 |   106 |   467 |    79 ||   784
 Fire: Blowgun           |       |     8 |    17 |       ||    25
Throw: Javelin           |     1 |    18 |    25 |       ||    44
       Tomahawk          |       |       |     1 |       ||     1
       Throwing net      |       |       |       |     1 ||     1
Invok: Evolution         |       |       |     7 |       ||     7
Evoke: Wand              |       |       |    12 |       ||    12
  Use: Scroll            |     1 |     5 |    15 |     1 ||    22
       Potion            |     1 |     2 |    13 |     1 ||    17
 Stab: Sleeping          |     5 |     3 |     2 |       ||    10
       Distracted        |       |       |     1 |       ||     1
       Confused          |       |       |     1 |       ||     1
       Held in net/web   |       |       |       |     1 ||     1
  Eat: Chunk             |     3 |     7 |    14 |     1 ||    25
       Beef jerky        |       |       |     2 |       ||     2
       Meat ration       |       |       |     1 |       ||     1
